Map: Golden Wall LE

Players

Astrea - Winner!

  • Race: Protoss Protoss
  • League: Master
  • Spawn Location: 7:00

Scarlett

  • Race: Zerg Zerg
  • Spawn Location: 5:00

Event: DreamHack SC2 Masters 2020 Fall

VOD

Have the link to the VOD?

Description

Time

  • Played on: Sept. 9, 2020, 8:20 p.m.
  • Length: 9:10

All games in this series

Show
View Real Time Build Order
Export as new Build Order

Astrea Protoss - Winner!

Build Orders: 1 Gate Expand, Zealot Archon, Dark Templar Rush 

Get SALT Encoding   

  12  0:00  Probe  
  13  0:12  Probe  
  14  0:18  Pylon  
  14  0:24  Probe (Chrono Boost)  
  15  0:36  Probe (Chrono Boost)  
  15  0:39  Gateway  
  16  0:44  Probe (Chrono Boost)  
  16  0:47  Assimilator  
  17  0:50  Probe  
  18  1:03  Probe  
  19  1:15  Probe  
  20  1:23  Nexus  
  20  1:36  Cybernetics Core  
  20  1:37  Probe  
  21  1:44  Assimilator  
  21  1:49  Probe  
  21  1:53  Pylon  
  22  2:01  Probe (Chrono Boost)  
  23  2:09  Adept (Chrono Boost)  
  23  2:12  Warp Gate  
  23  2:13  Probe (Chrono Boost)  
  26  2:18  Probe (Chrono Boost)  
  27  2:29  Probe (Chrono Boost)  
  28  2:31  Stalker  
  28  2:35  Twilight Council  
  31  2:37  Probe (Chrono Boost)  
  32  2:47  Probe x2 (Chrono Boost)  
  33  2:54  Probe  
  33  2:56  Probe  
  33  2:57  Robotics Facility  
  35  3:06  Probe  
  35  3:08  Probe  
  37  3:15  Gateway  
  37  3:18  Probe  
  38  3:20  Dark Shrine, Probe  
  38  3:25  Adept  
  41  3:31  Gateway  
  41  3:33  Probe  
  42  3:41  Warp Prism (Chrono Boost)  
  43  3:46  Pylon  
  44  3:51  Probe x2  
  46  3:59  Assimilator  
  46  4:00  Assimilator  
  46  4:04  Probe  
  46  4:05  Adept  
  46  4:09  Adept, Pylon  
  51  4:14  Probe  
  51  4:16  Probe  
  53  4:24  Pylon  
  53  4:26  Probe  
  53  4:27  Adept  
  56  4:32  Adept  
  56  4:35  Pylon x2  
  56  4:40  Probe x2  
  56  4:44  Dark Templar  
  60  4:54  Probe  
  61  5:01  Dark Templar x2  
  63  5:12  Nexus  
  63  5:13  Pylon  
  63  5:24  Probe  
  64  5:28  Probe  
  64  5:30  Forge, Blink  
  64  5:31  Observer  
  66  5:40  Probe  
  66  5:41  Probe  
  68  5:47  Dark Templar x3  
  74  5:52  Archon  
  74  5:55  Probe  
  69  5:58  Immortal (Chrono Boost)  
  69  5:59  Probe  
  69  6:02  Gateway  
  69  6:03  Protoss Ground Weapons Level 1 (Chrono Boost)  
  74  6:07  Probe  
  74  6:11  Probe  
  76  6:19  Pylon  
  76  6:20  Sentry x3  
  76  6:25  Warp Prism (Chrono Boost), Probe x2  
  86  6:35  Probe  
  86  6:39  Probe x2  
  89  6:42  Gateway  
  89  6:43  Gateway  
  89  6:52  Immortal (Chrono Boost)  
  93  6:54  Sentry  
  93  6:55  Stalker x2  
  93  6:58  Assimilator  
  99  7:05  Gateway  
  99  7:15  Stalker  
  99  7:18  Immortal (Chrono Boost)  
  99  7:22  Stalker x3  
  111  7:23  Pylon  
  111  7:25  Pylon  
  111  7:32  Photon Cannon  
  111  7:35  Archon  
  111  7:39  Stalker x3  
  111  7:42  Pylon  
  117  7:52  Stalker x3  
  117  7:55  Probe x2  
  125  8:02  Stalker x4  
  132  8:24  Stalker x5  
  140  8:29  Stalker x2  
  124  8:48  Stalker x4  
  124  8:49  Stalker  
  124  8:59  Stalker x2  
  122  9:05  Nexus  
Show
View Real Time Build Order
Export as new Build Order

Scarlett Zerg 

Build Orders: Hatch First 

Get SALT Encoding   

  12  0:00  Drone  
  13  0:12  Overlord  
  13  0:17  Drone  
  14  0:30  Drone x2  
  16  0:47  Hatchery  
  15  0:51  Drone  
  15  0:55  Drone  
  17  0:58  Drone  
  18  1:08  Extractor  
  17  1:13  Spawning Pool  
  17  1:16  Drone  
  17  1:20  Drone  
  18  1:28  Drone  
  19  1:38  Drone  
  20  1:49  Drone  
  21  2:00  Queen x2, Zergling x2  
  26  2:01  Overlord  
  26  2:11  Drone x2  
  26  2:13  Metabolic Boost  
  28  2:21  Drone x2  
  30  2:33  Drone x2  
  32  2:40  Hatchery  
  31  2:45  Overlord  
  31  2:48  Zergling x2  
  32  2:53  Drone x2  
  34  2:59  Queen  
  36  3:09  Drone x4  
  40  3:14  Overlord  
  40  3:18  Drone x2  
  42  3:28  Zergling x4  
  44  3:39  Zergling x14  
  51  3:46  Overlord  
  51  3:49  Overlord  
  51  3:52  Queen  
  53  4:02  Drone x3, Overlord  
  56  4:04  Queen  
  58  4:15  Roach Warren  
  58  4:16  Zergling x8  
  61  4:18  Spine Crawler, Zergling x2  
  61  4:21  Zergling x2  
  61  4:22  Zergling x2  
  63  4:27  Zergling x2  
  63  4:28  Zergling x6  
  66  4:31  Zergling x4  
  66  4:36  Spore Crawler  
  65  4:43  Drone  
  66  4:47  Spore Crawler  
  66  4:50  Drone x7  
  69  5:09  Drone x7  
  74  5:14  Roach  
  74  5:20  Drone x4  
  78  5:25  Extractor x2  
  76  5:28  Spore Crawler  
  76  5:35  Drone x6  
  77  5:57  Overlord  
  77  6:01  Roach x2  
  77  6:02  Evolution Chamber, Zergling x2  
  81  6:07  Extractor, Spore Crawler  
  81  6:08  Extractor  
  81  6:09  Lair  
  78  6:12  Roach x2  
  82  6:19  Drone  
  82  6:20  Drone x7  
  82  6:25  Drone, Overlord  
  90  6:28  Overlord  
  90  6:31  Extractor, Zerg Missile Weapons Level 1  
  89  6:35  Overlord  
  89  6:36  Drone  
  89  6:39  Overlord x2  
  89  6:48  Hatchery  
  89  6:50  Drone x8  
  95  6:57  Drone x2  
  95  7:00  Drone  
  98  7:04  Hatchery  
  98  7:07  Overlord  
  98  7:08  Drone x3  
  100  7:14  Drone x4  
  100  7:15  Overseer  
  102  7:17  Glial Reconstitution  
  102  7:19  Infestation Pit  
  102  7:20  Roach  
  102  7:21  Roach x3  
  109  7:29  Roach x3  
  114  7:34  Roach x4  
  122  7:37  Queen  
  122  7:40  Overlord x2  
  124  7:45  Ravager x4  
  124  7:46  Ravager x2  
  130  8:03  Drone x2  
  131  8:09  Roach  
  131  8:10  Roach x6, Overlord x2  
  131  8:11  Overlord x2  
  129  8:20  Roach x7  
  129  8:24  Roach x2  
  124  8:32  Roach x6  
  131  8:36  Roach x2  
  131  8:39  Roach x2  
  132  8:42  Roach  
  132  8:46  Roach x2  
  132  8:47  Overseer  
  116  8:50  Roach x2  

Tags
 
Add a new tag
Caveats
  • Supply blocks, unpowered buildings, or Contaminate may cause inaccurate times.
  • Supply counts are checked every 10 seconds.